 Dungeon Crawl Stone Soup version 0.30-a0-937-ga0a21ad780 (webtiles) character file.

Game seed: 10705981426074386804

116 arthad the Trooper (level 5, -1/28 HPs)
             Began as a Vine Stalker Fighter on Mar 24, 2023.
             Killed from afar by an orc wizard (6 damage)
             ... with a magic dart
             ... on level 4 of the Dungeon.
             The game lasted 00:03:11 (2091 turns).

arthad the Trooper (Vine Stalker Fighter)           Turns: 2091, Time: 00:03:11

Health: -1/28      AC: 10    Str: 20    XL:     5   Next: 1%
Magic:  0/6        EV:  9    Int:  8    God:
Gold:   169        SH:  0    Dex: 14    Spells: 4/4 levels left

rFire   . . .      SeeInvis .    a - +0 war axe
rCold   . . .      Faith    .    c - +0 buckler
rNeg    . . .      Spirit   +    b - +0 scale mail
rPois   .          Reflect  .    A - +1 helmet
rElec   .          Rampage  .    (no cloak)
rCorr   +                        (no gloves)
Will    .....                    o - +0 pair of boots Stlth
                                 (no amulet)
HPRegen 1.04/turn                w - ring of resist corrosion
MPRegen 0.10/turn                (no ring)

@: confused
A: fangs 2, regeneration 1, magic shield, antimagic bite, no potion heal 2
a: no special abilities


You were on level 4 of the Dungeon.
You visited 1 branch of the dungeon, and saw 4 of its levels.

You collected 169 gold pieces.

Inventory:

Hand Weapons
 a - a +0 war axe (weapon)
Missiles
 j - 4 poisoned darts (quivered)
Armour
 b - a +0 scale mail (worn)
 c - a +0 buckler (worn)
 o - a +0 pair of boots (worn)
 A - a +1 helmet (worn)
Magical Staves
 f - a staff of earth
Jewellery
 w - a ring of resist corrosion (left hand)
 B - a ring of ice
Wands
 m - a wand of mindburst (18)
 q - a wand of roots (14)
Scrolls
 e - a scroll of silence {unknown}
 g - 2 scrolls of enchant weapon {unknown}
 h - a scroll of acquirement {unknown}
 i - a scroll of fear {unknown}
 k - 4 scrolls of identify {unknown}
 p - 3 scrolls of poison {unknown}
 s - a scroll of fog {unknown}
 t - a scroll of vulnerability {unknown}
 u - a scroll of teleportation {unknown}
 x - 2 scrolls of blinking {unknown}
 y - a scroll of amnesia {unknown}
Potions
 d - 2 potions of might
 l - 2 potions of curing
 n - a potion of heal wounds
 r - a potion of degeneration {unknown}
 v - a potion of attraction {unknown}
 z - 2 potions of mutation {unknown}


   Skills:
 * Level 3.5 Fighting
 * Level 2.8 Axes
 + Level 2.9 Armour
 + Level 0.7 Dodging
 + Level 3.1 Shields


You had 4 spell levels left.
You didn't know any spells.
Your spell library contained the following spells:

 Spells                   Type           Power      Damage    Failure   Level
 Lesser Beckoning         Tloc           0%         N/A       94%         2
 Gell's Gravitas          Tloc           0%         N/A       99%         3
 Teleport Other           Tloc           0%         N/A       99%         3


Dungeon Overview and Level Annotations

Branches:
Dungeon (4/15)
 Temple: D:4-7

Altars:
Wu Jian

Annotations:
D:3 2 transporters
D:4 Natasha


Innate Abilities, Weirdness & Mutations

You have extremely sharp teeth.
Your natural rate of healing is unusually fast.
When hurt, damage is shared between your health and your magic reserves.
Your bite disrupts and absorbs the magic of your enemies.
Potions cannot restore your health.


Message History

You are too injured to fight recklessly!
You are too injured to fight recklessly!
You are too injured to fight recklessly!
You are too injured to fight recklessly!
You are too injured to fight recklessly!
You are too injured to fight recklessly!
You slash the orc!
You kill the orc!
The orc priest looks braver for a moment.
The orc wizard casts a spell at you. The puff of flame hits you.
Natasha casts a spell at you. You resist with some effort.
The shadow imp gestures at you.
You struggle to resist.
You have reached level 5!
You barely miss the orc wizard. Your bite misses the orc wizard.
The orc priest mumbles some strange prayers to Beogh against you.
Beogh smites you!
* * * LOW HITPOINT WARNING * * *
The orc wizard hits you but does no damage.
It was a potion of curing.
That felt strangely inert.
The orc wizard gestures wildly while chanting.
The orc wizard flickers and vanishes!
Deactivating autopickup; reactivate with Ctrl-A.
It was a potion of heal wounds.
That seemed strangely inert.
Natasha casts a spell.
You hear some strange, mumbled words.
You are confused.
You miss something. Your bite misses something. The shadow imp gestures at you.
Something hits you but does no damage.
Natasha casts a spell.
You bump into the rock wall.
Something hits you.
* * * LOW HITPOINT WARNING * * *
The crimson imp blinks!
You bump into the rock wall.
Something hits you but does no damage.
A magic dart appears from out of thin air!
The magic dart hits you!
You die...

##########
#........#
#........#
#..<.....#
#........#
#........#
#........##
#..#####>..@#
##. ####.# #
#####{###
#...5hg.###
#5...o...[#
#...ยง.....#
#...((.......
.5....#......#
....?(.(##......


You could see an orc priest, Natasha, a crimson imp (summoned) and a hobgoblin.

Vanquished Creatures
  Natasha (twice) (D:4)
  2 adders (D:3)
  5 orcs (D:4)
  9 bats
  4 endoplasms
  2 giant cockroaches
  A goblin (D:2)
  3 hobgoblins
  3 kobolds (D:3)
  A quokka (D:2)
  3 ball pythons (D:1)
  2 frilled lizards
  8 rats
45 creatures vanquished.

Notes
Turn   | Place    | Note
-------+----------+-------------------------------------------
     0 | D:1      | arthad the Vine Stalker Fighter began the quest for the
                  | Orb.
     0 | D:1      | Reached XP level 1. HP: 11/11 MP: 2/2
   130 | D:1      | Reached XP level 2. HP: 10/16 MP: 3/3
   896 | D:2      | Reached XP level 3. HP: 19/20 MP: 2/4
  1346 | D:3      | Found a transporter.
  1350 | D:3      | Found a transporter.
  1377 | D:3      | Found an ornate altar of the Wu Jian Council.
  1621 | D:3      | Gained mutation: Your natural rate of healing is unusually
                  | fast. [Vine Stalker growth]
  1621 | D:3      | Reached XP level 4. HP: 24/24 MP: 5/5
  2030 | D:4      | Noticed Natasha
  2038 | D:4      | Killed Natasha
  2057 | D:4      | Noticed Natasha
  2070 | D:4      | Killed Natasha
  2075 | D:4      | Noticed Natasha
  2085 | D:4      | Reached XP level 5. HP: 10/28 MP: 1/6
  2091 | D:4      | Killed from afar by an orc wizard

Illustrated notes

Levels and vault maps discovered:
D:1:      dpeg_arrival_round_c, layout_basic, grunt_decor_fettered,
          solitary_fountain
D:2:      layout_basic, amcnicky_mini_pool_small,
          chequers_serial_rivers_large_a, hangedman_decor_clover_reticule
D:3:      gammafunk_steamed_eel, layout_loops_ring,
          nicolae_wu_jian_wuxing_cycle, minmay_misc_feat_ornament,
          minmay_fractal_squares_gapless_5
D:4:      layout_rooms, uniq_eustachio, uniq_natasha

Skill      XL: |  1  2  3  4 |
---------------+-------------+-----
Axes           | 2 |  2.8
Fighting       | 3 |  3.5
Shields        | 3 |  3.1
Armour         | |  2.9
Dodging        | |  0.7

Action                     |  1- 3 |  4- 6 || total
---------------------------+-------+-------++-------
  Melee: War axe           |    97 |    25 ||   122
         Bite              |    15 |     5 ||    20
  Throw: Dart              |     2 |    10 ||    12
    Use: Potion            |       |     2 ||     2
 Armour: Scale mail        |    63 |     9 ||    72
  Dodge: Dodged            |    61 |     5 ||    66
  Block: Buckler           |    20 |     4 ||    24

Table legend: (Time is in decaauts)
 A = Elapsed time spent in this place.
 B = Non-inter-level travel time spent in this place.
 C = Inter-level travel time spent in this place.
 D = Time resting spent in this place.
 E = Time spent auto-exploring this place.
 F = Levels seen in this place.
 G = Mean time per level.
                   A        B        C        D        E       F      G
               +--------+--------+--------+--------+--------+-----+--------+
         Total |   2162 |   2084 |     78 |      0 |   1732 |   4 |  540.5 |
       Dungeon |   2162 |   2084 |     78 |      0 |   1732 |   4 |  540.5 |
               +--------+--------+--------+--------+--------+-----+--------+

Top non-repeatable levels by time:
     D:3: 744 daAuts
     D:2: 721 daAuts
     D:1: 625 daAuts
     D:4: 71 daAuts
